 Dungeon Crawl Stone Soup version 0.23-a0-386-g9c9d49f (webtiles) character file.

95 Gildeon the Charmwright (level 4, -4/34 HPs)
             Began as a Human Skald on Oct 28, 2018.
             Slain by a wight
             ... wielding a +4 battleaxe
              (7 damage)
             ... on level 2 of the Dungeon.
             The game lasted 00:07:22 (1354 turns).

Gildeon the Charmwright (Human Skald)               Turns: 1354, Time: 00:07:22

Health: -4/34      AC:  6    Str: 13    XL:     4   Next: 97%
Magic:  3/7        EV: 12    Int: 18    God:
Gold:   177        SH:  0    Dex: 12    Spells: 2/7 levels left

rFire    . . .     SeeInvis +   a - +0 mace
rCold    . . .     Gourm    .   (no shield)
rNeg     + . .     Faith    .   b - +0 leather armour
rPois    .         Spirit   .   l - +0 helmet
rElec    .         Reflect  .   (no cloak)
rCorr    .         Harm     .   f - +0 pair of gloves
MR       .....                  m - +0 pair of boots
Stlth    +.........             (no amulet)
HPRegen  0.11/turn              h - ring of positive energy
MPRegen  0.10/turn              g - ring of see invisible

@: brilliant, drained
A: no striking features
a: no special abilities


You were on level 2 of the Dungeon.
You were not hungry.

You visited 1 branch of the dungeon, and saw 2 of its levels.

You collected 177 gold pieces.

Inventory:

Hand Weapons
 a - a +0 mace (weapon)
Armour
 b - a +0 leather armour (worn)
 f - a +0 pair of gloves (worn)
 l - a +0 helmet (worn)
 m - a +0 pair of boots (worn)
Jewellery
 g - a ring of see invisible (right hand)
 h - a ring of positive energy (left hand)
Scrolls
 j - a scroll of remove curse
 k - a scroll of identify {unknown}
 n - a scroll of magic mapping {unknown}
Potions
 c - a potion of curing {unknown}
 e - a potion of resistance {unknown}
 i - a potion of brilliance
Comestibles
 d - 3 rations


   Skills:
 + Level 2.5(2.1) Fighting
 + Level 2.6(2.2) Maces & Flails
 + Level 1.9(1.5) Armour
 + Level 2.5(2.2) Dodging
 + Level 2.4(2.1) Spellcasting
 + Level 3.4(3.0) Charms


You had 2 spell levels left.
You knew the following spells:

 Your Spells              Type           Power        Failure   Level  Hunger
a - Infusion              Chrm           ###.         1%          1    #......
b - Song of Slaying       Chrm           ###.....     1%          2    ###....
c - Shroud of Golubria    Chrm/Tloc      ###.......   2%          2    ###....

Your spell library contained the following spells:

 Spells                   Type           Power        Failure   Level  Hunger
 Regeneration             Chrm/Necr      ###.......   4%          3    ###....
 Spectral Weapon          Hex/Chrm       ###.....     4%          3    ###....


Dungeon Overview and Level Annotations

Branches:
Dungeon (2/15)

Altars:
Fedhas

Annotations:
D:2 exclusion: oklob plant


Message History

You partially resist.
You feel drained.
You hit the wight but do no damage.
The wight is heavily damaged.
The wight barely misses you.
You hit the wight but do no damage.
The wight is heavily damaged.
The wight barely misses you.
You hit the wight.
The wight is severely damaged.
The wight hits you with a +4 battleaxe!
* * * LOW HITPOINT WARNING * * *
You partially resist.
You feel drained.
* * * LOW HITPOINT WARNING * * *
You hit the wight.
The wight is severely damaged.
The wight barely misses you.
It was a potion of brilliance.
You feel clever all of a sudden. The wight hits you with a +4 battleaxe!
You die...

#......(..........
#.###############.
#.# #. #.# #. #.#
#. #.# ## #.# #.#
#@# #z# #.# #.#
### ... ..# ...
#.# ### ####.#
.....# ######..#


You could see a wight.

Vanquished Creatures
  A wight (D:2)
  2 adders (D:2)
  A leopard gecko (D:1)
  5 bats
  2 giant cockroaches (D:1)
  4 goblins
  7 hobgoblins
  3 jackals (D:1)
  2 ball pythons
  A frilled lizard (D:1)
  5 kobolds
  4 rats (D:1)
37 creatures vanquished.

Notes
Turn   | Place    | Note
-------+----------+-------------------------------------------
     0 | D:1      | Gildeon the Human Skald began the quest for the Orb.
     0 | D:1      | Reached XP level 1. HP: 16/16 MP: 3/3
    77 | D:1      | Reached XP level 2. HP: 2/22 MP: 0/5
   411 | D:1      | Learned a level 2 spell: Song of Slaying
   414 | D:1      | Learned a level 2 spell: Shroud of Golubria
   514 | D:1      | Reached XP level 3. HP: 23/27 MP: 6/6
  1012 | D:2      | Found a blossoming altar of Fedhas.
  1025 | D:2      | Noticed an oklob plant
  1226 | D:2      | Reached XP level 4. HP: 33/34 MP: 2/7
  1354 | D:2      | Slain by a wight

Vault maps used:
D:1:      giann_bridges, feat_on_display
D:2:      nicolae_overflow_hidden_temple, tgw_fedhas

Action                   |  1- 3 |  4- 6 || total
-------------------------+-------+-------++-------
Melee: Mace              |   103 |    40 ||   143
 Cast: Infusion          |    14 |     2 ||    16
  Use: Scroll            |     3 |       ||     3
       Potion            |       |     1 ||     1
  Eat: Chunk             |     1 |     1 ||     2
Armor: Leather armour    |    42 |     6 ||    48
Dodge: Dodged            |    95 |    28 ||   123

Table legend:
 A = Non-vault XP
 B = Vault XP
 C = Vault XP percentage of total XP
 D = Non-vault monster count
 E = Vault monster count
 F = Vault count percentage of total count
                 A         B        C        D         E       F
            +---------+---------+-------+---------+---------+-------
      Total |     137 |       0 |   0.0 |      37 |       0 |   0.0
            +---------+---------+-------+---------+---------+-------
        D:1 |      43 |       0 |   0.0 |      26 |       0 |   0.0
        D:2 |      94 |       0 |   0.0 |      11 |       0 |   0.0
            +---------+---------+-------+---------+---------+-------
